Map: Thunderbird LE

Players

Kelazhur

  • Race: Terran Terran
  • League: Master
  • Spawn Location: 11:00

liquidthermy (uThermal) - Winner!

  • Race: Terran Terran
  • Spawn Location: 5:00

Event: HomeStory Cup XX

VOD

Have the link to the VOD?

Description

Time

  • Played on: Nov. 22, 2019, 3:30 p.m.
  • Length: 12:18

All games in this series

Show
View Real Time Build Order
Export as new Build Order

Kelazhur Terran 

Build Orders:  

Get SALT Encoding   

  12  0:00  SCV  
  13  0:12  SCV  
  14  0:17  Supply Depot  
  14  0:25  SCV  
  14  0:28  Refinery  
  15  0:38  SCV  
  16  0:44  Barracks  
  16  0:50  SCV  
  16  0:55  Refinery  
  17  1:02  SCV  
  18  1:15  SCV  
  19  1:30  Orbital Command  
  19  1:31  Factory  
  19  1:34  Barracks Reactor  
  19  1:45  Supply Depot  
  19  1:58  SCV  
  20  2:10  SCV  
  20  2:11  Reaper x2  
  23  2:21  Hellion  
  25  2:23  SCV  
  25  2:35  SCV  
  23  2:47  SCV  
  23  2:57  Hellion, Reaper x2  
  26  3:00  SCV  
  27  3:12  Command Center, SCV  
  28  3:17  Supply Depot  
  28  3:32  SCV  
  29  3:34  Marine x2, Supply Depot  
  31  3:51  Factory Tech Lab  
  28  3:55  SCV  
  28  3:59  Marine x2  
  27  4:06  Starport  
  27  4:09  SCV  
  27  4:16  Cyclone  
  30  4:17  Marine x2  
  30  4:21  SCV  
  33  4:25  Orbital Command  
  33  4:33  SCV  
  33  4:35  Marine x2  
  37  4:45  Medivac, SCV  
  37  4:48  Siege Tank  
  37  4:51  SCV  
  43  4:53  Marine x2  
  43  4:57  SCV  
  46  5:02  Supply Depot  
  46  5:03  SCV  
  47  5:09  SCV  
  47  5:13  Marine x2  
  50  5:15  SCV  
  51  5:22  Starport Tech Lab, SCV  
  51  5:27  Siege Tank, SCV  
  56  5:34  SCV  
  57  5:39  Marine x2, SCV  
  57  5:42  Supply Depot  
  60  5:43  Raven  
  60  5:46  SCV  
  63  5:52  SCV  
  63  5:58  Marine, Command Center, SCV  
  63  5:59  Marine, Siege Tank  
  63  6:04  SCV  
  70  6:10  SCV  
  71  6:14  Barracks  
  71  6:16  SCV  
  71  6:18  Barracks  
  72  6:19  Marine x2  
  72  6:22  Supply Depot, SCV  
  75  6:28  SCV  
  75  6:44  SCV  
  75  6:46  Siege Tank  
  79  6:49  Marine  
  79  6:50  Marine  
  79  6:52  Engineering Bay  
  79  6:53  Refinery, Engineering Bay  
  82  6:54  SCV  
  82  6:56  Supply Depot  
  82  6:57  SCV  
  83  7:09  SCV  
  83  7:14  Marine x2, Barracks Reactor  
  86  7:18  Terran Infantry Weapons Level 1, Siege Tank  
  86  7:19  Terran Infantry Armor Level 1  
  86  7:20  SCV  
  86  7:21  Refinery, Starport Reactor  
  90  7:25  SCV  
  90  7:28  SCV  
  92  7:32  Marine x2  
  92  7:33  SCV  
  71  7:45  SCV  
  71  7:47  Orbital Command  
  71  7:50  Marine x2, Siege Tank  
  71  7:51  Marine x3, Stimpack  
  69  7:54  SCV  
  69  7:58  Viking, SCV  
  75  8:00  Viking  
  76  8:06  SCV  
  76  8:08  Marine  
  76  8:10  Refinery, SCV  
  76  8:11  Refinery  
  79  8:14  Marine x4  
  79  8:18  SCV x2  
  85  8:22  SCV  
  86  8:28  Marine  
  86  8:30  SCV x2  
  86  8:32  Marine x2  
  92  8:34  SCV  
  92  8:42  SCV  
  92  8:43  Marine x2, SCV  
  92  8:44  Viking x2  
  92  8:46  Siege Tank, SCV  
  103  8:54  Command Center, SCV  
  103  8:55  SCV  
  104  8:58  Marine  
  104  8:59  Marine x2, SCV  
  108  9:07  SCV x2  
  108  9:08  Barracks, Armory  
  108  9:09  Starport, Barracks  
  109  9:10  Supply Depot  
  109  9:11  Supply Depot  
  109  9:13  Supply Depot  
  109  9:15  Sensor Tower  
  109  9:22  Marine  
  109  9:23  SCV  
  109  9:28  SCV  
  109  9:31  Marine  
  109  9:32  Siege Tank, SCV  
  109  9:33  Viking x2  
  109  9:37  Supply Depot  
  119  9:38  SCV  
  119  9:44  Marine x4, Missile Turret  
  119  9:45  SCV  
  121  9:49  Viking  
  123  9:54  Marine  
  123  9:56  Barracks Reactor x2  
  124  10:00  Supply Depot  
  124  10:06  Viking x2  
  127  10:07  Marine x2  
  127  10:08  Marine  
  127  10:10  Siege Tank  
  132  10:19  Viking  
  132  10:21  Marine, Combat Shield  
  135  10:25  Supply Depot  
  131  10:39  Marine  
  132  10:44  Viking x2  
  132  10:49  Viking  
  138  10:51  Siege Tank  
  138  10:56  Marine x8  
  149  11:01  Supply Depot  
  149  11:02  Supply Depot  
  149  11:05  Marine  
  150  11:13  Marine  
  150  11:20  SCV x3  
  150  11:22  Marine x7  
  150  11:23  Marine  
  160  11:31  Marine  
  160  11:32  SCV  
  162  11:33  Viking x3  
  162  11:39  Marine  
  171  11:40  Marine, Siege Tank  
  173  11:50  Marine  
  173  11:52  SCV x2  
  172  11:56  Supply Depot  
  172  12:00  Fusion Core  
  172  12:01  Starport  
  171  12:02  Starport  
Show
View Real Time Build Order
Export as new Build Order

liquidthermy Terran - Winner!

Build Orders: Mech 

Get SALT Encoding   

  12  0:01  SCV  
  13  0:13  SCV  
  14  0:17  Supply Depot  
  14  0:25  SCV  
  15  0:39  Barracks, SCV  
  16  0:43  Refinery  
  16  0:51  SCV  
  17  1:03  SCV  
  18  1:15  SCV  
  19  1:26  Reaper  
  19  1:27  Orbital Command  
  20  1:44  Bunker  
  20  1:48  Bunker  
  20  1:54  SCV  
  21  1:55  Command Center  
  21  1:59  Marine  
  22  2:02  Supply Depot  
  22  2:06  SCV  
  23  2:14  Factory  
  23  2:23  Marine  
  23  2:27  SCV  
  23  2:28  Bunker  
  24  2:39  SCV  
  24  2:41  Marine  
  26  2:51  SCV  
  26  2:59  Marine, Factory Tech Lab, Starport  
  26  3:03  SCV  
  26  3:04  Refinery  
  28  3:07  Orbital Command  
  28  3:15  SCV  
  28  3:17  Marine  
  30  3:26  Cyclone  
  33  3:27  SCV  
  34  3:35  Marine, SCV  
  34  3:39  SCV  
  35  3:47  SCV  
  35  3:51  SCV  
  32  3:57  Marine  
  32  3:59  SCV  
  36  4:03  SCV  
  37  4:11  SCV  
  37  4:13  Refinery  
  37  4:16  Barracks Reactor, SCV  
  39  4:22  Command Center  
  39  4:23  SCV  
  39  4:24  Raven  
  37  4:26  Factory Tech Lab  
  37  4:28  SCV  
  40  4:35  SCV  
  41  4:40  SCV  
  41  4:42  Supply Depot  
  41  4:44  Refinery  
  41  4:45  Siege Tank  
  45  4:47  SCV  
  46  4:53  Supply Depot  
  46  5:03  Marine x2, SCV x2  
  46  5:06  Raven  
  50  5:11  Supply Depot  
  52  5:15  SCV x2  
  52  5:20  Siege Tank  
  52  5:21  Marine x2  
  57  5:27  SCV x2  
  61  5:34  Orbital Command  
  61  5:39  Marine x2  
  61  5:40  SCV x2  
  65  5:52  Siege Tank, SCV x2  
  70  5:58  Orbital Command  
  70  6:03  Viking  
  70  6:04  Marine, Viking, Stimpack, SCV x2  
  76  6:08  Engineering Bay  
  76  6:09  Supply Depot  
  77  6:16  SCV x2  
  79  6:24  Siege Tank  
  82  6:27  SCV, Armory  
  82  6:28  Supply Depot, SCV  
  82  6:29  SCV  
  82  6:30  Armory  
  85  6:33  Viking  
  85  6:39  SCV  
  86  6:41  SCV  
  86  6:43  SCV  
  87  6:51  SCV  
  88  6:54  Refinery, Missile Turret, SCV  
  88  6:55  Refinery, Missile Turret  
  88  6:56  Viking  
  88  7:00  Siege Tank  
  94  7:02  SCV  
  94  7:03  Viking  
  94  7:06  Supply Depot, SCV  
  94  7:07  SCV  
  97  7:14  SCV  
  97  7:16  Sensor Tower  
  97  7:18  SCV  
  97  7:20  Missile Turret, SCV  
  97  7:21  Terran Vehicle Weapons Level 1  
  99  7:23  Terran Vehicle And Ship Armor Level 1  
  99  7:26  SCV  
  100  7:30  SCV  
  100  7:32  SCV  
  100  7:33  Viking  
  100  7:36  Siege Tank  
  106  7:38  SCV  
  106  7:42  SCV  
  104  7:44  SCV  
  104  7:49  Viking  
  104  7:50  SCV  
  104  7:55  SCV  
  104  7:56  SCV  
  106  7:58  Factory  
  106  7:59  Factory  
  106  8:02  Viking, SCV  
  106  8:03  Barracks Reactor  
  109  8:05  Supply Depot  
  109  8:06  Supply Depot  
  109  8:07  Supply Depot  
  109  8:24  Command Center  
  109  8:25  Supply Depot  
  109  8:27  SCV x3  
  109  8:30  Siege Tank  
  115  8:38  Viking x2  
  115  8:39  SCV x3  
  122  8:44  Sensor Tower  
  122  8:49  Siege Tank  
  122  8:51  SCV  
  122  8:52  Supply Depot  
  122  8:53  Factory x2  
  128  8:56  Hellion x2  
  130  9:02  Supply Depot  
  130  9:03  Siege Tank  
  133  9:10  Command Center  
  133  9:13  Viking  
  133  9:14  Viking  
  137  9:19  Hellion, Supply Depot  
  139  9:25  Infernal Pre-Igniter  
  139  9:27  Supply Depot, Siege Tank  
  142  9:31  Hellion  
  142  9:35  Supply Depot, Siege Tank  
  142  9:37  Factory Tech Lab  
  147  9:43  Viking  
  147  9:44  Viking  
  151  9:45  SCV  
  151  9:47  Factory Tech Lab  
  151  9:48  SCV  
  151  9:50  Hellion  
  155  9:53  Hellion, Terran Vehicle Weapons Level 2  
  155  9:56  Terran Vehicle And Ship Armor Level 2  
  155  9:59  SCV  
  158  10:02  SCV  
  158  10:03  SCV  
  158  10:06  Hellion  
  162  10:12  Viking  
  162  10:14  Refinery x2, Siege Tank  
  164  10:15  Smart Servos  
  164  10:18  Missile Turret, SCV  
  164  10:20  Missile Turret  
  168  10:22  Planetary Fortress  
  168  10:24  SCV  
  168  10:26  Hellion  
  171  10:30  Hellion  
  171  10:35  Hellion, Siege Tank  
  178  10:36  Orbital Command  
  178  10:37  SCV  
  178  10:38  SCV  
  178  10:39  SCV  
  178  10:42  Viking  
  183  10:46  Supply Depot  
  183  10:47  Viking  
  183  10:49  SCV  
  186  10:52  Supply Depot  
  186  10:57  SCV  
  186  10:59  Command Center  
  186  11:01  Siege Tank  
  190  11:04  Siege Tank  
  190  11:05  Hellion  
  190  11:11  Supply Depot  
  195  11:12  Viking  
  195  11:15  Hellion  
  199  11:35  Command Center  
  199  11:39  Command Center  
  197  11:40  SCV  
  197  11:41  Hellion  
Tags
 
Composition
Mech
League
Master
Matchup
TvT
Race
Terran
Spawn Locations
Cross Positions
Add a new tag
Caveats
  • Supply blocks, unpowered buildings, or Contaminate may cause inaccurate times.
  • Supply counts are checked every 10 seconds.